 Dungeon Crawl Stone Soup version 0.29.1-15-g9cfb28693d (webtiles) character file.

Game seed: 11147042670157846188

217 Peloso the Covered (level 5, -10/47 HPs)
             Began as a Minotaur Fighter on Apr 29, 2023.
             Mangled by an ogre
             ... wielding a +0 giant spiked club
              (21 damage)
             ... on level 5 of the Dungeon.
             The game lasted 00:04:33 (3021 turns).

Peloso the Covered (Minotaur Fighter)               Turns: 3021, Time: 00:04:35

Health: -10/47     AC: 10    Str: 21    XL:     5   Next: 62%
Magic:  4/4        EV: 11    Int:  5    God:
Gold:   213        SH:  5    Dex: 11    Spells: 4/4 levels left

rFire   . . .      SeeInvis .   a - +0 long sword
rCold   . . .      Faith    .   d - +0 buckler
rNeg    . . .      Spirit   .   c - +0 chain mail
rPois   .          Reflect  .   (helmet restricted)
rElec   .          Harm     .   (no cloak)
rCorr   .          Rampage  .   (no gloves)
Will    .....                   (no boots)
Stlth   ..........              (no amulet)
HPRegen 0.15/turn               t - +4 ring of evasion
MPRegen 0.09/turn               (no ring)

@: no status effects
A: horns 2, retaliatory headbutt
a: no special abilities


You were on level 5 of the Dungeon.
You visited 1 branch of the dungeon, and saw 5 of its levels.

You collected 213 gold pieces.

Inventory:

Hand Weapons
 a - a +0 long sword (weapon)
Armour
 b - a +0 scale mail
 c - a +0 chain mail (worn)
 d - a +0 buckler (worn)
Jewellery
 t - a +4 ring of evasion (left hand)
Wands
 h - a wand of light (5)
Scrolls
 g - 2 scrolls of amnesia {unknown}
 k - a scroll of magic mapping {unknown}
 m - a scroll of identify {unknown}
 n - a scroll of summoning {unknown}
 o - 2 scrolls of blinking {unknown}
 p - a scroll of enchant weapon {unknown}
 q - a scroll of poison {unknown}
 r - a scroll of immolation {unknown}
 w - 2 scrolls of fear {unknown}
 y - a scroll of brand weapon {unknown}
 z - a scroll of teleportation {unknown}
Potions
 e - 2 potions of attraction {unknown}
 f - 2 potions of lignification {unknown}
 i - 2 potions of degeneration {unknown}
 j - a potion of ambrosia {unknown}
 l - a potion of brilliance {unknown}
 s - a potion of magic {unknown}
 u - a potion of berserk rage {unknown}
 v - 2 potions of resistance {unknown}
 x - 2 potions of might


   Skills:
 + Level 4.5 Fighting
 + Level 4.1 Long Blades
 + Level 5.5 Armour
 + Level 0.6 Dodging
 + Level 0.1 Stealth
 + Level 4.5 Shields


You had 4 spell levels left.
You didn't know any spells.
Your spell library contained the following spells:

 Spells                   Type           Power      Damage    Failure   Level
 Magic Dart               Conj           0%         1d3       99%         1
 Call Imp                 Summ           0%         N/A       100%        2
 Ensorcelled Hibernation  Hex/Ice        0%         N/A       100%        2
 Mephitic Cloud           Conj/Pois/Air  0%         N/A       100%        3
 Spider Form              Tmut/Pois      0%         N/A       100%        3
 Anguish                  Hex/Necr       0%         N/A       100%        4
 Animate Dead             Necr           0%         N/A       100%        4
 Haunt                    Necr/Summ      0%         N/A       100%        7
 Infestation              Necr           0%         N/A       100%        8


Dungeon Overview and Level Annotations

Branches:
Dungeon (5/15)
 Temple: D:4-7

Altars:
Fedhas
The Shining One

Annotations:
D:2 1 runed translucent door, Crazy Yiuf, Sigmund


Innate Abilities, Weirdness & Mutations

You have a pair of horns on your head.
You reflexively headbutt those who attack you in melee.


Message History

Where to? (Enter - D:5, ? - help)
There is an open door here.
You open the door.
There is an open door here.
There is an open door here.
There is an open door here.
You see here a +0 scale mail.
There is a stone staircase leading down here.
You climb downwards.
The ogre shouts!
You hear a shout! x2
Found a stone staircase leading up.
There is a stone staircase leading up here.
An ogre is nearby!
A gnoll comes into view. It is wielding a +0 spear. x2
The gnoll shouts!
You hit the ogre but do no damage.
A gnoll comes into view. It is wielding a +0 flail of draining.
The ogre barely misses you.
You slash the ogre!
You headbutt the ogre, but do no damage.
The ogre is moderately wounded.
The ogre hits you with a +0 giant spiked club!!
You hit the ogre but do no damage. Your headbutt misses the ogre.
The ogre is moderately wounded.
You hit the ogre.
The ogre is moderately wounded.
You block the ogre's attack.
You hit the ogre.
The ogre is heavily wounded.
You block the ogre's attack.
The gnoll hits you from afar with a +0 spear.
The gnoll misses you.
You completely miss the ogre.
The ogre is heavily wounded.
The gnoll hits you from afar with a +0 spear!
* * * LOW HITPOINT WARNING * * *
The gnoll hits you from afar with a +0 spear.
* * * LOW HITPOINT WARNING * * *
The ogre hits you with a +0 giant spiked club!!
You die...

# .. #.# ..
##.########
#.........#
#....@O...+
+....g....#
#....gg...#
#.........#
#.........#
##.##..<###
## #...#
....#


You could see an ogre and 3 gnolls.

Vanquished Creatures
  A hound (D:3)
  Natasha (thrice) (D:4)
  Ijyb (D:3)
  3 adders
  3 worms
  A dart slug (D:4)
  5 endoplasms
  5 giant cockroaches
  6 goblins
  6 hobgoblins
  4 kobolds
  3 quokkas
  4 ball pythons
  2 bats
  10 frilled lizards
  4 rats
61 creatures vanquished.

Vanquished Creatures (others)
  8 plants (D:2)
8 creatures vanquished.

Grand Total: 69 creatures vanquished

Notes
Turn   | Place    | Note
-------+----------+-------------------------------------------
     0 | D:1      | Peloso the Minotaur Fighter began the quest for the Orb.
     0 | D:1      | Reached XP level 1. HP: 19/19 MP: 0/0
    93 | D:1      | Found a faded altar of an unknown god.
   222 | D:1      | You fall into a shaft and drop 1 floor!
   235 | D:2      | Reached XP level 2. HP: 27/27 MP: 1/1
   252 | D:3      | Reached skill level 4 in Armour
   383 | D:3      | Noticed Ijyb
   395 | D:3      | HP: 1/27 [Ijyb/+0 club (2)]
   396 | D:3      | Killed Ijyb
   397 | D:3      | Reached XP level 3. HP: 2/33 MP: 2/2
   749 | D:3      | Reached XP level 4. HP: 32/40 MP: 3/3
  1260 | D:2      | Found a runed translucent door.
  1261 | D:2      | Noticed Crazy Yiuf
  2221 | D:2      | Noticed Sigmund
  2493 | D:4      | Noticed Natasha
  2498 | D:4      | Killed Natasha
  2499 | D:4      | Reached skill level 5 in Armour
  2499 | D:4      | Reached XP level 5. HP: 45/47 MP: 4/4
  2530 | D:4      | Found a blossoming altar of Fedhas.
  2530 | D:4      | Found a glowing golden altar of the Shining One.
  2579 | D:4      | Noticed Natasha
  2584 | D:4      | Killed Natasha
  2816 | D:4      | Noticed Natasha
  2820 | D:4      | Killed Natasha
  3013 | D:5      | Entered Level 5 of the Dungeon
  3013 | D:5      | Noticed an ogre
  3021 | D:5      | Mangled by an ogre

Illustrated notes

Levels and vault maps discovered:
D:1:      amcnicky_arrival_single_pillar, layout_basic,
          hellmonk_ecumenical_altar_crossroads
D:2:      layout_basic, serial_corexii_hall, corexii_hall_statues_l,
          corexii_hall_statues_i, kennysheep_donut, minmay_lizard_king,
          uniq_sigmund, uniq_crazy_yiuf_cottage
D:3:      layout_loops_ring, uniq_ijyb
D:4:      layout_gridville, nicolae_overflow_two_pavilions, uniq_natasha
D:5:      cheibrodos_fertilizer, layout_gridville, serial_glass,
          glass_columns_b, glass_columns_b, kennysheep_generic_room_15

Skill      XL: |  1  2  3  4  5 |
---------------+----------------+-----
Armour         | 4 5 |  5.5
Shields        | 4 |  4.5
Fighting       | 4 |  4.5
Long Blades    | 3 4 |  4.1
Dodging        | |  0.6
Stealth        | |  0.1

Action                   |  1- 3 |  4- 6 || total
-------------------------+-------+-------++-------
Melee: Long sword        |    43 |    93 ||   136
       Headbutt          |     9 |    18 ||    27
Armor: Scale mail        |    25 |    18 ||    43
       Chain mail        |       |    20 ||    20
Dodge: Dodged            |    17 |    32 ||    49
Block: Buckler           |    13 |    24 ||    37
